Map: Curious Minds LE

Players

VenusFlytrap - Winner!

  • Race: Protoss Protoss

LYKAN

  • Race: Protoss Protoss
  • League: Silver

VOD

Have the link to the VOD?

Description

Time

  • Played on: March 30, 2022, 4:40 p.m.
  • Length: 14:04
Show
View Real Time Build Order
Export as new Build Order

VenusFlytrap Protoss - Winner!

Build Orders:  

Get SALT Encoding   

  12  0:01  Probe  
  13  0:18  Pylon  
  13  0:20  Probe  
  14  0:32  Probe  
  15  0:44  Probe  
  15  0:46  Gateway  
  16  0:56  Forge, Probe  
  17  1:55  Pylon  
  17  2:19  Photon Cannon  
  17  2:22  Photon Cannon  
  17  2:29  Photon Cannon  
  17  2:33  Photon Cannon  
  17  2:39  Assimilator  
  17  2:44  Assimilator  
  17  2:55  Pylon  
  17  3:04  Gateway  
  17  3:11  Photon Cannon  
  17  3:26  Probe  
  18  3:34  Zealot  
  18  3:35  Cybernetics Core  
  18  3:38  Probe  
  21  3:50  Probe  
  22  3:56  Zealot  
  22  4:01  Zealot  
  26  4:06  Photon Cannon  
  26  4:18  Nexus  
  26  4:23  Probe  
  27  4:27  Stalker  
  29  4:35  Probe  
  30  4:43  Shield Battery  
  30  4:47  Probe  
  31  4:57  Stalker  
  33  5:01  Assimilator  
  33  5:06  Assimilator  
  33  5:23  Pylon  
  33  5:31  Probe  
  34  5:42  Stargate  
  34  5:43  Probe  
  35  5:55  Probe  
  36  6:01  Stalker  
  38  6:07  Probe  
  39  6:19  Probe  
  40  6:31  Probe  
  45  6:32  Void Ray  
  45  6:38  Fleet Beacon  
  45  6:44  Probe  
  46  6:52  Nexus  
  46  6:56  Probe  
  44  7:04  Stalker  
  44  7:08  Probe  
  47  7:20  Probe  
  48  7:41  Carrier  
  54  7:49  Probe  
  55  8:01  Probe  
  55  8:03  Photon Cannon  
  56  8:10  Photon Cannon  
  54  8:13  Probe  
  54  8:15  Probe  
  56  8:20  Probe  
  57  8:27  Probe  
  57  8:31  Probe  
  57  8:33  Probe  
  60  8:43  Probe  
  60  8:45  Carrier, Probe  
  68  8:57  Probe x2  
  70  9:05  Assimilator  
  70  9:09  Probe x2  
  68  9:21  Probe x2  
  70  9:33  Probe x2  
  72  9:45  Probe x2  
  73  9:49  Tempest (Chrono Boost)  
  75  9:57  Probe  
  76  10:06  Pylon  
  76  10:10  Pylon  
  76  10:29  Tempest (Chrono Boost)  
  79  11:05  Carrier  
  78  12:09  Carrier  
  81  12:16  Stalker  
  76  12:46  Stalker  
Show
View Real Time Build Order
Export as new Build Order

LYKAN Protoss 

Build Orders:  

Get SALT Encoding   

  12  0:00  Probe  
  13  0:14  Probe  
  14  0:21  Pylon  
  14  0:26  Probe  
  15  0:29  Assimilator  
  15  0:43  Gateway  
  15  0:45  Probe  
  16  0:57  Probe  
  17  1:09  Probe  
  18  1:21  Probe  
  19  1:31  Cybernetics Core  
  19  1:51  Probe  
  20  2:09  Probe  
  20  2:12  Warp Gate  
  21  2:19  Pylon  
  21  2:31  Pylon  
  21  2:33  Probe  
  22  2:52  Assimilator  
  21  3:10  Gateway, Shield Battery  
  21  3:14  Robotics Facility  
  21  3:26  Nexus  
  21  3:31  Shield Battery  
  21  3:36  Probe  
  22  3:48  Probe  
  23  3:56  Pylon  
  23  4:01  Probe  
  24  4:05  Warp Prism  
  26  4:13  Probe  
  27  4:20  Robotics Bay  
  27  4:23  Adept x2  
  31  4:25  Probe  
  32  4:37  Probe  
  33  4:43  Stargate  
  33  4:49  Probe  
  34  5:01  Probe  
  34  5:06  Disruptor  
  35  5:13  Probe  
  39  5:15  Gateway  
  39  5:17  Probe  
  40  5:25  Probe  
  40  5:26  Pylon  
  41  5:29  Probe  
  42  5:37  Probe  
  42  5:42  Gravitic Drive  
  47  5:52  Void Ray  
  47  6:09  Forge  
  47  6:24  Stargate  
  51  6:25  Immortal  
  51  6:27  Protoss Air Weapons Level 1  
  51  7:12  Immortal  
  55  7:16  Protoss Ground Weapons Level 1  
  55  7:25  Stalker x2  
  55  7:26  Stalker  
  57  7:53  Pylon  
  57  7:56  Gateway  
  65  8:31  Void Ray x2, Gateway  
  65  8:49  Warp Prism  
  67  8:56  Stalker  
  67  8:57  Stalker x2  
  67  8:58  Stalker  
  77  9:54  Void Ray  
  67  10:38  Stalker x2  
  67  10:39  Stalker x2  
  67  10:41  Stalker  
  59  11:05  Stalker  
  59  11:06  Stalker x2  
  59  11:07  Stalker  
  59  11:08  Stalker  
  69  11:21  Void Ray  
  62  12:14  Stalker x2  
  62  12:16  Stalker  
  62  12:17  Stalker x2  
  62  12:36  Assimilator  
  48  12:55  Stalker  
  48  12:56  Stalker x2  
  48  12:57  Stalker x2  
Tags
 
Add a new tag
Caveats
  • Supply blocks, unpowered buildings, or Contaminate may cause inaccurate times.
  • Supply counts are checked every 10 seconds.